 Dungeon Crawl Stone Soup version 0.31-a0-277-g31ea1f65cc (webtiles) character file.

Game seed: 24847535264707886

191 LeprechaunX the Changeling (level 5, 0/35 HPs)
             Began as an Octopode Shapeshifter on July 16, 2023.
             Slain by an ogre
             ... wielding a +0 giant club
              (35 damage)
             ... on level 4 of the Dungeon.
             The game lasted 00:06:59 (2967 turns).

LeprechaunX the Changeling (Octopode Shapeshifter)  Turns: 2967, Time: 00:07:00

Health: 0/35       AC:  1    Str: 17    XL:     5   Next: 70%
Magic:  5/5        EV: 13    Int: 10    God:
Gold:   230        SH:  0    Dex: 12    Spells: 4/4 levels left

rFire   . .          .
                       - Unarmed
rCold   . . .        (no shield)
rNeg    . . .        (helmet currently unavailable)
rPois   .            o - amulet of regeneration
rElec   .            i - ring of resist corrosion
rCorr   +            (no ring)
SInv    .            (no ring)
Will    .....        (no ring)
Stlth   ++           (no ring)
HPRegen 1.05/turn    (no ring)
MPRegen 0.09/turn    (no ring)
                     (no ring)

%: no passive effects
@: beast-form
A: beast (slay +3), almost no armour, amphibious, 8 rings, camouflage 1,
gelatinous body 1, (nimble swimmer 1), tentacles
a: Begin Untransformation


You were on level 4 of the Dungeon.
You were a hulking beast.
You visited 1 branch of the dungeon, and saw 6 of its levels.

You collected 230 gold pieces.

Inventory:

Jewellery
 i - a ring of resist corrosion (left tentacle)
 o - an amulet of regeneration (around mantle)
Talismans
 b - a beast talisman
 h - a blade talisman
Scrolls
 c - a scroll of brand weapon {unknown}
 d - 2 scrolls of fear {unknown}
 e - 2 scrolls of enchant armour {unknown}
 g - a scroll of revelation {unknown}
 l - a scroll of enchant weapon {unknown}
 m - a scroll of blinking {unknown}
 p - a scroll of identify {unknown}
Potions
 a - a potion of lignification
 f - 2 potions of curing {unknown}
 j - a potion of attraction {unknown}
 n - a potion of enlightenment {unknown}


   Skills:
 - Level 2.3 Fighting
 - Level 2.3 Dodging
 - Level 2.3 Unarmed Combat
 * Level 5.0 Shapeshifting


You had 4 spell levels left.
You didn't know any spells.
Your spell library contained the following spells:

 Spells                   Type           Power      Damage    Failure   Level
 Kiss of Death            Conj/Necr      0%         2d5       36%         1
 Call Canine Familiar     Summ           0%         N/A       75%         3
 Confusing Touch          Hex            0%         N/A       75%         3
 Summon Guardian Golem    Hex/Summ       0%         N/A       75%         3
 Dispel Undead            Necr           0%         3d6       98%         4
 Summon Ice Beast         Ice/Summ       0%         N/A       98%         4
 Lehudib's Crystal Spear  Conj/Erth      0%         10d2      100%        8


Dungeon Overview and Level Annotations

Branches:
Dungeon (6/15)
 Temple: D:4-7

Altars:
Fedhas
Makhleb
Sif Muna
Vehumet
Xom
Yredelemnul

Shops:
D:4 ?

Annotations:
D:5 Menkaure


Innate Abilities, Weirdness & Mutations

You are a hulking beast.
Your limbs bulge with bestial killing power. (Slay +3)
You cannot wear most types of armour.
You are amphibious.
You can wear up to eight rings at the same time.
Your skin changes colour to match your surroundings (Stealth+).
Your rubbery body absorbs attacks. (AC +1, EV +1)
((You are camouflaged when in or above water. (Stealth+)))
You have tentacles for arms and can constrict up to eight enemies at once.


Message History

You tentacle-slap the endoplasm.
You kill the endoplasm!
You now have 230 gold pieces (gained 16).
o - an amulet of regeneration You start putting on your amulet.
You continue putting on your amulet of regeneration. x5
You finish putting on your amulet of regeneration.
The amulet throbs as it attunes itself to your uninjured body.
o - an amulet of regeneration (around mantle) Key pressed, stopping explore.
p - a scroll labelled PIUTTO FUGEMES
Found a bubbling orange potion.
You see here a bubbling orange potion.
Throw: 4 darts (poison)
Press: ? - help, Q - select action Shift-Dir - straight line, f - ogre
Aim: an ogre, wielding a +0 giant club (75% to hit)
You throw a poisoned dart. The poisoned dart hits the ogre.
Found 5 stones.
Found a scroll labelled PIUTTO FUGEMES.
Throw: 3 darts (poison)
Press: ? - help, Q - select action Shift-Dir - straight line, f/p - ogre
Aim: an ogre, wielding a +0 giant club (74% to hit)
You throw a poisoned dart. The poisoned dart hits the ogre.
The ogre is poisoned.
Throw: 2 darts (poison)
Press: ? - help, Q - select action Shift-Dir - straight line, f/p - ogre
Aim: an ogre, wielding a +0 giant club (lightly wounded, poisoned, 74% to hit)
You throw a poisoned dart. The poisoned dart hits the ogre.
The ogre looks even sicker.
The ogre is lightly wounded.
Throw: dart (poison)
Press: ? - help, Q - select action Shift-Dir - straight line, f/p - ogre
Aim: an ogre, wielding a +0 giant club (lightly wounded, very poisoned, 74% to hit)
You throw a poisoned dart.
The poisoned dart barely misses the ogre.
You tentacle-slap the ogre. You squeeze the ogre!
The ogre is severely wounded.
The ogre hits you with a +0 giant club!!
Ouch! That really hurt!
You die...

...## ###..
####..........# #....
.....?..........#####....
...........(..##.........
.#.#..........###.#######
..............##..# #
...#..........##.##
..............#..#
...#....h....##.##
........O...##.##
...#.......###.#
.......!(.###.#####
.#.#....(###........#
........(....#.O.....##
#########...(.....<...###
##...........?..#
#...............


You could see an ogre (very poisoned).

Vanquished Creatures
  An orc priest (D:3)
  4 gnolls (D:3)
  4 adders
  A worm (D:2)
  A dart slug (D:1)
  5 orcs (D:3)
  6 ball pythons
  9 bats
  11 endoplasms
  3 giant cockroaches
  8 goblins
  3 hobgoblins
  6 jackals
  5 kobolds
  3 quokkas
  3 frilled lizards
  5 rats
78 creatures vanquished.

Notes
Turn   | Place    | Note
-------+----------+-------------------------------------------
     0 | D:1      | LeprechaunX the Octopode Shapeshifter began the quest for
                  | the Orb.
     0 | D:1      | Reached XP level 1. HP: 14/14 MP: 1/1
   100 | D:1      | Reached XP level 2. HP: 17/19 MP: 2/2
   234 | D:1      | Reached XP level 3. HP: 17/24 MP: 3/3
  1103 | D:2      | Reached XP level 4. HP: 30/30 MP: 4/4
  1447 | D:3      | Reached skill level 4 in Shapeshifting
  1764 | D:3      | Got Qois's Omnibus of Arenous Companions
  1809 | D:3      | Reached XP level 5. HP: 25/35 MP: 5/5
  2229 | D:3      | Found a shimmering blue altar of Sif Muna.
  2451 | D:4      | Noticed an ogre
  2643 | D:4      | Found Atewk's Magic Scroll Emporium.
  2644 | D:4      | You fall into a shaft and drop 2 floors!
  2672 | D:6      | Found a radiant altar of Vehumet.
  2676 | D:6      | Found a basalt altar of Yredelemnul.
  2680 | D:6      | Noticed an ice beast
  2691 | D:6      | Reached skill level 5 in Shapeshifting
  2706 | D:6      | Found a burning altar of Makhleb.
  2706 | D:6      | Found a shimmering altar of Xom.
  2711 | D:5      | Entered Level 5 of the Dungeon
  2712 | D:5      | Found a blossoming altar of Fedhas.
  2719 | D:5      | Noticed Menkaure
  2967 | D:4      | Slain by an ogre

Illustrated notes

Levels and vault maps discovered:
D:1:      amcnicky_arrival_gap_in_the_tavern_cellar, layout_rooms
D:2:      layout_basic, hangedman_decor_peaks_small
D:3:      layout_basic, mainiacjoe_overflow_surrounded_room,
          grunt_ministairs_12, minmay_misc_feat_more_columns,
          grunt_decor_fettered, kennysheep_nondescript, minmay_misc_feat_tower
D:4:      minmay_chambers_of_twos, layout_cave_pods, minmay_temple_entry_glass,
          serial_shops, shop, minmay_liquid_box, item_on_display_a
D:5:      layout_loops_ring, mainiacjoe_overflow_small_starburst,
          mainiacjoe_overflow_alcove_1, nicolae_wooded_promenade, uniq_menkaure,
          uniq_prince_ribbit1
D:6:      layout_rooms, nicolae_overflow_hidden_temple,
          ebering_ghost_disaster_area, chequers_serial_rivers_micro_d,
          serial_bayou_ford_a, minmay_misc_feat_encased, skrybe_limestone_x

Skill      XL: |  1  2  3  4  5 |
---------------+----------------+-----
Shapeshifting  | 4 5 |  5.0
Fighting       | |  2.3
Dodging        | |  2.3
Unarmed Combat | |  2.3

Action                     |  1- 3 |  4- 6 || total
---------------------------+-------+-------++-------
  Melee: Unarmed           |    74 |    66 ||   140
         Constrict         |    20 |    15 ||    35
         Tentacles         |    17 |    11 ||    28
         Punch             |     4 |       ||     4
  Throw: Dart              |       |    10 ||    10
   Stab: Sleeping          |     6 |     6 ||    12
         Distracted        |       |     1 ||     1
 Armour: Skin              |    10 |     4 ||    14
  Dodge: Dodged            |    49 |    27 ||    76

Table legend: (Time is in decaauts)
 A = Elapsed time spent in this place.
 B = Non-inter-level travel time spent in this place.
 C = Inter-level travel time spent in this place.
 D = Time resting spent in this place.
 E = Time spent auto-exploring this place.
 F = Levels seen in this place.
 G = Mean time per level.
                   A        B        C        D        E       F      G
               +--------+--------+--------+--------+--------+-----+--------+
         Total |   2960 |   2629 |    331 |     78 |   1881 |   6 |  493.3 |
       Dungeon |   2960 |   2629 |    331 |     78 |   1881 |   6 |  493.3 |
               +--------+--------+--------+--------+--------+-----+--------+

Top non-repeatable levels by time:
     D:3: 1045 daAuts
     D:2: 860 daAuts
     D:1: 578 daAuts
     D:4: 326 daAuts
     D:5: 83 daAuts
     D:6: 66 daAuts
